PIO
CLEVELAND (RK+) GUARDIANS @ OREM OWLZ
07/04/2099
 
TOP OF THE 1ST
Cleveland (Rk+) Guardians batting - Pitching for Orem Owlz : LHP Mike Johns
Pitching: LHP Mike Johns
Batting: RHB Bobby Vela 0-0: Ball
1-0: Ball
2-0: Ball
3-0: Base on Balls
Batting: LHB Osly Marx 0-0: Ball
1-0: Ball
2-0: DOUBLE (Line Drive, 5D, EV 96.3 MPH)
Bobby Vela to third
Batting: RHB Mike Barker 0-0: Ground out 4-3 (Groundball, 4D, EV 103.8 MPH)
Bobby Vela scores
Osly Marx to third
Batting: RHB Pat Martyak 0-0: Ball
1-0: Ball
2-0: Called Strike
2-1: Foul Ball, location: 2F
2-2: Foul Ball, location: 2F
2-2: Ball
3-2: Ground out 2-3 (Groundball, 2R, EV 71.9 MPH)
Batting: RHB Jerry Samaniego 0-0: Called Strike
0-1: Ball
1-1: Ball
2-1: SINGLE (Line Drive, 78S, EV 84.4 MPH)
Osly Marx scores
Batting: LHB Franklin Vega 0-0: Foul Ball, location: 25F
0-1: Ball
1-1: Fielders Choice at 2nd, 5-4 (Groundball, 56, EV 100.0 MPH)
Top of the 1st over - 2 runs, 2 hits, 0 errors, 1 left on base; Cleveland (Rk+) 2 - Orem 0
BOTTOM OF THE 1ST
Orem Owlz batting - Pitching for Cleveland (Rk+) Guardians : RHP Elijah Cooper
Pitching: RHP Elijah Cooper
Batting: LHB Raul Paredes 0-0: Foul Ball, location: 2F
0-1: Foul Ball, location: 2F
0-2: Ball
1-2: Foul Ball, location: 2F
1-2: SINGLE (Line Drive, 9S, EV 89.4 MPH)
Batting: RHB Hector Castillo 0-0: Foul Ball, location: 3F
0-1: Called Strike
0-2: Strikes out swinging
Batting: LHB Ryan Tustin 0-0: Ball
1-0: Foul Ball, location: 2F
1-1: DOUBLE (Line Drive, 7LD, EV 109.4 MPH)
Raul Paredes to third
Runner from 3rd tries for Home, SAFE, throw by LF to home
Batting: RHB Juan Thomas 0-0: Called Strike
0-1: Ball
1-1: Foul Ball, location: 3F
1-2: Foul Ball, location: 2F
1-2: Foul Ball, location: 25FF
1-2: Strikes out swinging
Batting: RHB Rich Howes 0-0: Called Strike
0-1: Ground out 1-3 (Groundball, 13S, EV 65.0 MPH)
Bottom of the 1st over - 1 run, 2 hits, 0 errors, 1 left on base; Cleveland (Rk+) 2 - Orem 1
TOP OF THE 2ND
Cleveland (Rk+) Guardians batting - Pitching for Orem Owlz : LHP Mike Johns
Batting: LHB Ken Stout 0-0: Ground out 5-3 (Groundball, 56S, EV 91.9 MPH)
Batting: RHB Mario Lopez 0-0: Ball
1-0: Ball
2-0: Ball
3-0: Called Strike
3-1: SOLO HOME RUN (Flyball, 7D, EV 101.3 MPH), Distance : 366 ft
Batting: RHB Danny Turner 0-0: Ball
1-0: SINGLE (Groundball, 4MD, EV 100.6 MPH)
Batting: RHB Bobby Vela 0-0: Foul Ball, location: 25F
0-1: Called Strike
0-2: Ball
1-2: Ball
2-2: Ball
3-2: SINGLE (Groundball, 4, EV 100.0 MPH) (infield hit)
Danny Turner to second
Batting: LHB Osly Marx 0-0: Ball
1-0: Swinging Strike
1-1: Foul Ball, location: 7LDF
1-2: Ball
2-2: Strikes out swinging
Batting: RHB Mike Barker 0-0: Ball
1-0: Called Strike
1-1: Ground out 6-3 (Groundball, 56, EV 106.9 MPH)
Top of the 2nd over - 1 run, 3 hits, 0 errors, 2 left on base; Cleveland (Rk+) 3 - Orem 1
BOTTOM OF THE 2ND
Orem Owlz batting - Pitching for Cleveland (Rk+) Guardians : RHP Elijah Cooper
Batting: RHB Brent Little 0-0: Called Strike
0-1: Ground out U3 (Groundball, 34S, EV 94.4 MPH)
Batting: RHB Travis Holton 0-0: Ball
1-0: Ball
2-0: Ball
3-0: Called Strike
3-1: Foul Ball, location: 2F
3-2: Ground out 6-3 (Groundball, 6, EV 90.6 MPH)
Batting: LHB Juan Barajas 0-0: Foul Ball, location: 2F
0-1: Ball
1-1: Called Strike
1-2: Fly out, F7 (Flyball, 7LMF, EV 92.5 MPH)
Bottom of the 2nd over - 0 runs, 0 hits, 0 errors, 0 left on base; Cleveland (Rk+) 3 - Orem 1
TOP OF THE 3RD
Cleveland (Rk+) Guardians batting - Pitching for Orem Owlz : LHP Mike Johns
Batting: RHB Pat Martyak 0-0: Called Strike
0-1: SINGLE (Groundball, 6MD, EV 96.9 MPH)
Batting: RHB Jerry Samaniego 0-0: Swinging Strike
0-1: DOUBLE (Flyball, 8LD, EV 110.0 MPH)
Pat Martyak to third
Batting: LHB Franklin Vega 0-0: Ball
1-0: Ball
2-0: Called Strike
2-1: Ball
3-1: SINGLE (Groundball, 4S, EV 69.4 MPH) (infield hit)
Pat Martyak scores
Jerry Samaniego to third
Batting: LHB Ken Stout 0-0: Called Strike
0-1: Foul Ball, location: 2F
0-2: Foul Ball, location: 2F
0-2: SINGLE (Flyball, 6D, EV 93.1 MPH)
Jerry Samaniego scores
Franklin Vega to second
Pitching: RHP Pat Corneil
Batting: RHB Mario Lopez 0-0: Called Strike
0-1: Fly out, F9 (Flyball, 9, EV 85.6 MPH)
Batting: RHB Danny Turner 0-0: Ball
1-0: Swinging Strike
1-1: Fly out, F9 (Line Drive, 9S, EV 98.1 MPH)
Batting: RHB Bobby Vela 0-0: Ball
1-0: Ball
2-0: Called Strike
2-1: Foul Ball, location: 7LSF
2-2: SINGLE (Groundball, 6MD, EV 95.0 MPH)
Franklin Vega to third
Ken Stout to second
Runner from 3rd tries for Home, SAFE, throw by CF to home
Batting: LHB Osly Marx 0-0: Called Strike
0-1: Ball
1-1: Foul Ball, location: 7LMF
1-2: Foul Ball, location: 7LMF
1-2: Ball
2-2: Strikes out swinging
Top of the 3rd over - 3 runs, 5 hits, 0 errors, 2 left on base; Cleveland (Rk+) 6 - Orem 1
BOTTOM OF THE 3RD
Orem Owlz batting - Pitching for Cleveland (Rk+) Guardians : RHP Elijah Cooper
Batting: RHB Brian Hudson 0-0: Ball
1-0: Called Strike
1-1: SINGLE (Line Drive, 3D, EV 95.6 MPH)
Batting: LHB Raul Paredes 0-0: Called Strike
0-1: Ball
1-1: Ball
2-1: Grounds into double play, 3-6-3 (Groundball, 3, EV 81.9 MPH)
Batting: RHB Hector Castillo 0-0: Ground out U3 (Groundball, 3L, EV 105.6 MPH)
Bottom of the 3rd over - 0 runs, 1 hit, 0 errors, 0 left on base; Cleveland (Rk+) 6 - Orem 1
TOP OF THE 4TH
Cleveland (Rk+) Guardians batting - Pitching for Orem Owlz : RHP Pat Corneil
Batting: RHB Mike Barker 0-0: Ball
1-0: Fly out, F7 (Flyball, 7D, EV 88.1 MPH)
Batting: RHB Pat Martyak 0-0: Ball
1-0: Swinging Strike
1-1: Foul Ball, location: 3F
1-2: Ground out 5-3 (Groundball, 56S, EV 68.1 MPH)
Batting: RHB Jerry Samaniego 0-0: Ball
1-0: Ball
2-0: Foul Ball, location: 3FF
2-1: Ball
3-1: Swinging Strike
3-2: Ground out 6-3 (Groundball, 6, EV 102.5 MPH)
Top of the 4th over - 0 runs, 0 hits, 0 errors, 0 left on base; Cleveland (Rk+) 6 - Orem 1
BOTTOM OF THE 4TH
Orem Owlz batting - Pitching for Cleveland (Rk+) Guardians : RHP Elijah Cooper
Batting: LHB Ryan Tustin 0-0: Ground out 4-3 (Groundball, 4, EV 86.3 MPH)
Batting: RHB Juan Thomas 0-0: Fly out, F9 (Flyball, 9, EV 91.9 MPH)
Batting: RHB Rich Howes 0-0: Ball
1-0: Swinging Strike
1-1: Ground out 2-3 (Groundball, 2R, EV 75.0 MPH)
Bottom of the 4th over - 0 runs, 0 hits, 0 errors, 0 left on base; Cleveland (Rk+) 6 - Orem 1
TOP OF THE 5TH
Cleveland (Rk+) Guardians batting - Pitching for Orem Owlz : RHP Pat Corneil
Batting: LHB Franklin Vega 0-0: Ball
1-0: Called Strike
1-1: Called Strike
1-2: Ball
2-2: Strikes out looking
Batting: LHB Ken Stout 0-0: Called Strike
0-1: Fly out, F9 (Line Drive, 9S, EV 93.8 MPH)
Batting: RHB Mario Lopez 0-0: Ball
1-0: Ball
2-0: Foul Ball, location: 2F
2-1: Ball
3-1: Foul Ball, location: 7LMF
3-2: Strikes out swinging
Top of the 5th over - 0 runs, 0 hits, 0 errors, 0 left on base; Cleveland (Rk+) 6 - Orem 1
BOTTOM OF THE 5TH
Orem Owlz batting - Pitching for Cleveland (Rk+) Guardians : RHP Elijah Cooper
Batting: RHB Brent Little 0-0: Ball
1-0: Reached on error, E9 (Line Drive, 9, EV 105.0 MPH)
Batting: RHB Travis Holton 0-0: Ball
1-0: Called Strike
1-1: Ball
2-1: Foul Ball, location: 23F
2-2: Ball
3-2: Strikes out swinging
Batting: LHB Juan Barajas 0-0: Ball
1-0: SINGLE (Groundball, P, EV 83.8 MPH) (infield hit)
Brent Little to third
Batting: RHB Brian Hudson 0-0: Ball
1-0: Ball
2-0: SINGLE (Line Drive, 7S, EV 91.3 MPH)
Brent Little scores
Juan Barajas to second
Batting: LHB Raul Paredes 0-0: Ball
Juan Barajas steals 3rd base
1-0: Foul Ball, location: 5F
1-1: Swinging Strike
1-2: Strikes out swinging
Batting: RHB Hector Castillo 0-0: Ball
1-0: Foul Ball, location: 2F
1-1: Ball
2-1: Called Strike
2-2: Strikes out swinging
Bottom of the 5th over - 1 run, 2 hits, 1 error, 2 left on base; Cleveland (Rk+) 6 - Orem 2
TOP OF THE 6TH
Cleveland (Rk+) Guardians batting - Pitching for Orem Owlz : RHP Pat Corneil
Batting: RHB Danny Turner 0-0: Foul Ball, location: 3SF
0-1: Swinging Strike
0-2: Strikes out looking
Batting: RHB Bobby Vela 0-0: Ball
1-0: Ground out 6-3 (Groundball, 6, EV 90.0 MPH)
Batting: LHB Osly Marx 0-0: Reached on error, E9 (Flyball, 9S, EV 95.6 MPH)
Batting: RHB Mike Barker 0-0: Intentional Walk
Pitching: RHP Ricardo Delgado
Batting: RHB Pat Martyak 0-0: Ball
1-0: Foul Ball, location: 2F
1-1: Foul Ball, location: 5FF
1-2: Fly out, F7 (Line Drive, 7D, EV 104.4 MPH)
Top of the 6th over - 0 runs, 0 hits, 1 error, 2 left on base; Cleveland (Rk+) 6 - Orem 2
BOTTOM OF THE 6TH
Orem Owlz batting - Pitching for Cleveland (Rk+) Guardians : RHP Elijah Cooper
Batting: LHB Ryan Tustin 0-0: Ball
1-0: Ball
2-0: Ball
3-0: Called Strike
3-1: Called Strike
3-2: DOUBLE (Line Drive, 5D, EV 95.0 MPH)
Batting: RHB Juan Thomas 0-0: Ball
1-0: Foul Ball, location: 2F
1-1: Foul Ball, location: 2F
1-2: Ball
2-2: Strikes out swinging
Batting: RHB Rich Howes 0-0: Called Strike
0-1: Called Strike
0-2: Foul Ball, location: 25F
0-2: Ball
1-2: Strikes out swinging
Pitching: RHP Roberto Pluma
Batting: RHB Brent Little 0-0: Ball
1-0: Foul Ball, location: 9LDF
1-1: Ground out U3 (Groundball, 3, EV 110.0 MPH)
Bottom of the 6th over - 0 runs, 1 hit, 0 errors, 1 left on base; Cleveland (Rk+) 6 - Orem 2
TOP OF THE 7TH
Cleveland (Rk+) Guardians batting - Pitching for Orem Owlz : RHP Ricardo Delgado
Batting: RHB Jerry Samaniego 0-0: Fly out, F7 (Line Drive, 7S, EV 91.9 MPH)
Batting: LHB Franklin Vega 0-0: Ball
1-0: Fly out, F5 (Popup, 5SF, EV 73.1 MPH)
Batting: LHB Ken Stout 0-0: Ball
1-0: Ball
2-0: Ball
3-0: Called Strike
3-1: Base on Balls
Batting: RHB Mario Lopez 0-0: SINGLE (Line Drive, 78M, EV 100.6 MPH)
Ken Stout to second
Batting: RHB Danny Turner 0-0: Ball
1-0: Ball
2-0: Ball
3-0: Called Strike
3-1: Called Strike
3-2: Strikes out swinging
Top of the 7th over - 0 runs, 1 hit, 0 errors, 2 left on base; Cleveland (Rk+) 6 - Orem 2
BOTTOM OF THE 7TH
Orem Owlz batting - Pitching for Cleveland (Rk+) Guardians : RHP Roberto Pluma
Batting: RHB Travis Holton 0-0: Called Strike
0-1: Foul Ball, location: 2F
0-2: Ball
1-2: Ball
2-2: Ground out 6-3 (Groundball, 6MD, EV 96.9 MPH)
Batting: LHB Juan Barajas 0-0: Ball
1-0: Ball
2-0: Fly out, F9 (Flyball, 9S, EV 86.9 MPH)
Batting: RHB Brian Hudson 0-0: Hit by Pitch
Batting: LHB Raul Paredes 0-0: DOUBLE (Flyball, 8LXD, EV 103.1 MPH)
Brian Hudson to third
Runner from 3rd tries for Home, SAFE, no throw by CF
Batting: RHB Hector Castillo 0-0: Foul Ball, location: 5FF
0-1: Ball
1-1: Foul Ball, location: 2F
1-2: Ball
2-2: Ball
3-2: SINGLE (Line Drive, 78S, EV 98.8 MPH)
Raul Paredes to third
Runner from 3rd tries for Home, SAFE, throw by LF to home
Pitching: LHP Sean Dryden
Batting: LHB Ryan Tustin 0-0: Called Strike
0-1: Ball
1-1: Ball
2-1: SINGLE (Groundball, 6MD, EV 104.4 MPH)
Hector Castillo to second
Runner from 2nd tries for 3rd, SAFE, throw by CF made to third
Pitching: LHP Joe Furry
Batting: RHB Juan Thomas 0-0: Ball
1-0: Called Strike
1-1: Ball
2-1: Foul Ball, location: 9LSF
2-2: Foul Ball, location: 2F
2-2: Foul Ball, location: 9LSF
2-2: Ball
3-2: Strikes out swinging
Bottom of the 7th over - 2 runs, 3 hits, 0 errors, 2 left on base; Cleveland (Rk+) 6 - Orem 4
TOP OF THE 8TH
Cleveland (Rk+) Guardians batting - Pitching for Orem Owlz : RHP Ricardo Delgado
Pinch Hitting: LHB Jason Nitzel 0-0: Foul Ball, location: 5FF
0-1: Fly out, F8 (Flyball, 8RD, EV 100.0 MPH)
Batting: LHB Osly Marx 0-0: Ground out 5-3 (Groundball, 5S, EV 66.9 MPH)
Batting: RHB Mike Barker 0-0: Called Strike
0-1: Ball
1-1: Called Strike
1-2: Foul Ball, location: 2F
1-2: Fly out, F8 (Flyball, 8RXD, EV 110.6 MPH)
Top of the 8th over - 0 runs, 0 hits, 0 errors, 0 left on base; Cleveland (Rk+) 6 - Orem 4
BOTTOM OF THE 8TH
Orem Owlz batting - Pitching for Cleveland (Rk+) Guardians : LHP Joe Furry
Now at 3B: Greg Halcomb
Batting: RHB Rich Howes 0-0: Called Strike
0-1: Ground out 5-3 (Groundball, 56, EV 106.3 MPH)
Batting: RHB Brent Little 0-0: Ball
1-0: Ball
2-0: Called Strike
2-1: Ground out 4-3 (Groundball, 4M, EV 96.9 MPH)
Batting: RHB Travis Holton 0-0: Hit by Pitch
Pinch Hitting: RHB Dustin Flowers 0-0: Ball
1-0: Ball
2-0: Foul Ball, location: 3FF
2-1: Called Strike
2-2: Foul Ball, location: 2LF
2-2: Fly out, F7 (Flyball, 7, EV 88.1 MPH)
Bottom of the 8th over - 0 runs, 0 hits, 0 errors, 1 left on base; Cleveland (Rk+) 6 - Orem 4
TOP OF THE 9TH
Cleveland (Rk+) Guardians batting - Pitching for Orem Owlz : RHP Ricardo Delgado
Pitching: RHP Alex Zarate
Now in RF: Bill Payne
Batting: RHB Pat Martyak 0-0: Called Strike
0-1: Ball
1-1: Foul Ball, location: 3SF
1-2: Strikes out looking
Batting: RHB Jerry Samaniego 0-0: Ball
1-0: Called Strike
1-1: Ball
2-1: Ball
3-1: Base on Balls
Batting: LHB Franklin Vega 0-0: Foul Ball, location: 7LMF
0-1: Ball
1-1: Called Strike
1-2: Ball
2-2: Foul Ball, location: 2F
2-2: SINGLE (Line Drive, 9S, EV 98.1 MPH)
Jerry Samaniego to second
Batting: LHB Ken Stout 0-0: Grounds into double play, 6-4-3 (Groundball, 6, EV 84.4 MPH)
Top of the 9th over - 0 runs, 1 hit, 0 errors, 1 left on base; Cleveland (Rk+) 6 - Orem 4
BOTTOM OF THE 9TH
Orem Owlz batting - Pitching for Cleveland (Rk+) Guardians : LHP Joe Furry
Now at 1B: Pat Martyak
Now in RF: Johnny Heffernan
Pinch Hitting: RHB Luis Trevino 0-0: Called Strike
0-1: Foul Ball, location: 2F
0-2: Strikes out swinging, 2-3 out at first.
Batting: LHB Raul Paredes 0-0: Called Strike
0-1: Ball
1-1: Called Strike
1-2: Strikes out swinging
Batting: RHB Hector Castillo 0-0: Ball
1-0: Called Strike
1-1: Ground out U3 (Groundball, 3S, EV 87.5 MPH)
Bottom of the 9th over - 0 runs, 0 hits, 0 errors, 0 left on base; Cleveland (Rk+) 6 - Orem 4
Friday, May 10th , 2024 - OOTP Baseball 24.11 Build 85